 Dungeon Crawl Stone Soup version 0.20.1-1-g8b1a95d (webtiles) character file.

7713 homeworkjunkie the Cleaver (level 11, -7/95 HPs)
             Began as a Hill Orc Fighter on Nov 10, 2017.
             Was an Elder of Okawaru.
             Killed from afar by bananaglory's ghost (9 damage)
             ... with a shard of ice
             ... on level 10 of the Dungeon.
             The game lasted 00:16:58 (7392 turns).

homeworkjunkie the Cleaver (Hill Orc Fighter)       Turns: 7392, Time: 00:16:59

Health: -7/95      AC: 20    Str: 22    XL:     11   Next: 19%
Magic:  15/15      EV:  8    Int: 11    God:    Okawaru [****..]
Gold:   466        SH: 11    Dex: 11    Spells: 14/14 levels left

rFire    . . .     SeeInvis .   a - +4 war axe
rCold    . . .     Gourm    .   c - +0 shield
rNeg     . . .     Faith    .   u - +0 chain mail of Moral Flaws {rF- Int+3 Slay+3}
rPois    .         Spirit   .   K - +0 helmet
rElec    .         Reflect  .   F - +0 cloak
rCorr    .         Harm     +   g - +2 pair of gloves
MR       .....                  r - +2 pair of boots
Stlth    ..........             f - amulet of harm
Regen    0.3/turn               z - ring of protection from fire
MPRegen  0.2/turn               (no ring)

@: no status effects
A: no striking features
a: Heroism, Renounce Religion


You were on level 10 of the Dungeon.
You worshipped Okawaru.
Okawaru was greatly pleased with you.
You were very full.

You visited 2 branches of the dungeon, and saw 13 of its levels.
You also visited: Sewer and Ossuary.

You collected 766 gold pieces.
You spent 300 gold pieces at shops.

Inventory:

Hand Weapons
 a - a +4 war axe (weapon)
 I - a +3 scimitar of flaming
Missiles
 v - 3 tomahawks (quivered)
 B - 6 javelins
Armour
 c - a +0 shield (worn)
 g - a +2 pair of gloves (worn)
 i - a +1 plate armour
 r - a +2 pair of boots (worn)
 u - the +0 chain mail of Moral Flaws (worn) {rF- Int+3 Slay+3}
   (You bought it in a shop on level 6 of the Dungeon)

   It affects your intelligence (+3).
   It affects your accuracy and damage with ranged weapons and melee attacks
   (+3).
   It makes you vulnerable to fire.
 F - a +0 cloak (worn)
 K - a +0 helmet (worn)
Jewellery
 f - an amulet of harm (around neck)
 k - the ring "Cet Puunk" {+Fly rPois rC+ Dex-4}
   (You found it on level 8 of the Dungeon)

   [ring of poison resistance]

   It affects your dexterity (-4).
   It protects you from cold.
   It protects you from poison.
   It lets you fly.
 y - an uncursed amulet of magic regeneration
 z - a ring of protection from fire (left hand)
Wands
 m - a wand of scattershot (3/9)
 q - a wand of digging (13/24)
 w - a wand of disintegration (0/24)
 H - a wand of lightning (4/15)
 J - a wand of disintegration (8/24)
 M - a wand of lightning (6/15)
 O - a wand of polymorph (6/24)
Scrolls
 e - 5 scrolls of remove curse
 j - 8 scrolls of teleportation
 p - a scroll of blinking
 L - a scroll of recharging
Potions
 b - a potion of heal wounds
 d - 4 potions of might
 h - 3 potions of haste
 n - 4 potions of flight
 o - 3 potions of lignification
 s - 2 potions of brilliance
 t - a potion of mutation
 x - a potion of cancellation {unknown}
 A - a potion of curing
 C - 2 potions of invisibility {unknown}
 D - 2 potions of resistance
 E - 2 potions of berserk rage {unknown}
 G - a potion of agility {unknown}
Comestibles
 l - 4 meat rations
 N - a bread ration


   Skills:
 * Level 8.8 Fighting
 * Level 12.5 Axes
 + Level 3.8 Throwing
 * Level 8.4 Armour
 + Level 2.6 Dodging
 + Level 2.5 Stealth
 * Level 8.1 Shields
 + Level 3.1 Unarmed Combat
 + Level 2.1 Spellcasting
 * Level 5.7 Evocations


You had 14 spell levels left.
You didn't know any spells.

Dungeon Overview and Level Annotations

Branches:
Dungeon (12/15)            Temple (1/1) D:6
   Lair: D:8-11         Orc: D:9-12

Altars:
Ashenzari
Cheibriados
Dithmenos
Fedhas
Gozag
Hepliaklqana
Kikubaaqudgha
Makhleb
Nemelex Xobeh
Okawaru
Qazlal
Ru
Sif Muna
Trog
Vehumet
Xom
Yredelemnul
Zin
The Shining One

Shops:
D:4 (   D:5 !   D:6 [

Annotations:
D:10 bananaglory's ghost, novice DrIE


Message History

Bananaglory's ghost points at you and mumbles some strange words.
You block the puff of frost.
Evoke which item? (* to show all) (? for menu, Esc to quit)
Aiming: Disintegrate
Press: ? - help, Shift-Dir - straight line, f/p - bananaglory's ghost
Aim: bananaglory's ghost, wielding a vorpal weapon (chance to defeat MR: 49%) Bananaglory's ghost is blasted.
This wand has 9 charges left.
Bananaglory's ghost points at you and mumbles some strange words.
The puff of frost hits you!
Bananaglory's ghost gestures at you while chanting.
The shard of ice hits you!
* * * LOW HITPOINT WARNING * * *
Evoke which item? (* to show all) (? for menu, Esc to quit)
Aiming: Disintegrate
Press: ? - help, Shift-Dir - straight line, f/p - bananaglory's ghost
Aim: bananaglory's ghost, wielding a vorpal weapon (heavily damaged, chance to defeat MR: 49%) Bananaglory's ghost is blasted.
This wand has 8 charges left.
Bananaglory's ghost casts a spell at you.
The shard of ice hits you!
You die...

........# ........# .
.....?..# ..
......################..
....[.................
#W...................
#....................
#....................
#####...@....(...........
.........................
....................รท....
#######.............<....
#.###############.. #.#
#.. #.# #..
#######.###############..
.........................


You could see bananaglory's ghost.

Vanquished Creatures
  Erica (D:9)
  An unseen horror (D:11)
  An ugly thing (D:9)
  Maurice (D:9)
  2 trolls (D:9)
  A hippogriff (D:8)
  A wyvern (D:8)
  6 yaks (D:11)
  A hungry ghost (D:10)
  A water moccasin (D:5)
  An ice beast (D:9)
  4 phantoms
  A black bear (D:9)
  A necrophage (D:11)
  A sky beast (D:5)
  2 centaurs
  8 ogres
  2 bullfrogs
  A water moccasin skeleton (D:6)
  2 scorpions (D:9)
  14 killer bees
  An electric eel (D:11)
  2 crimson imps
  A centaur zombie (D:5)
  3 hounds
  2 jellies
  9 orc wizards (D:8)
  A bullfrog skeleton (D:11)
  2 orc priests
  A centaur skeleton (D:8)
  2 gnoll shamans
  An iguana (D:5)
  5 worker ants
  A merfolk siren (Sewer)
  A killer bee zombie (D:7)
  A merfolk avatar (Sewer)
  A big kobold zombie (Ossuary)
  A hound skeleton (D:9)
  8 mummies (Ossuary)
  2 worker ant zombies
  A howler monkey zombie (D:9)
  6 gnolls
  8 adders
  3 river rats (Sewer)
  A shadow imp (D:9)
  An ooze (D:7)
  An adder skeleton (D:9)
  2 worms (D:3)
  5 leopard geckos
  27 orcs
  4 ball pythons
  4 bats (D:1)
  7 giant cockroaches
  2 gnoll zombies (Ossuary)
  6 goblins
  4 hobgoblins
  5 jackals
  2 quokkas
  6 frilled lizards
  6 kobolds
  A kobold zombie (Ossuary)
  4 orc zombies (Ossuary)
  A quokka zombie (D:6)
  30 rats
235 creatures vanquished.

Notes
Turn   | Place    | Note
-------+----------+-------------------------------------------
     0 | D:1      | homeworkjunkie the Hill Orc Fighter began the quest for the Orb.
     0 | D:1      | Reached XP level 1. HP: 19/19 MP: 1/1
   112 | D:1      | Reached XP level 2. HP: 27/27 MP: 2/2
   225 | D:2      | Reached skill level 3 in Axes
   363 | D:3      | Found a hazy altar of Hepliaklqana.
   458 | D:3      | Reached XP level 3. HP: 33/33 MP: 3/3
   638 | D:3      | Found a glowing drain.
   678 | Sewer    | Entered a sewer
   774 | Sewer    | Noticed a sickly merfolk siren
   782 | Sewer    | Reached XP level 4. HP: 40/40 MP: 4/4
   798 | Sewer    | Reached skill level 4 in Axes
   895 | Sewer    | Noticed a malarious merfolk avatar
   900 | Sewer    | Reached XP level 5. HP: 42/47 MP: 5/5
   916 | Sewer    | Killed a malarious merfolk avatar
   916 | Sewer    | Reached skill level 5 in Axes
  1323 | D:5      | Entered Level 5 of the Dungeon
  1783 | D:2      | Found a snail-covered altar of Cheibriados.
  2531 | D:4      | Reached XP level 6. HP: 41/53 MP: 6/6
  2608 | D:4      | Reached skill level 8 in Axes
  2608 | D:4      | Reached XP level 7. HP: 66/66 MP: 6/10
  2741 | D:5      | Reached XP level 8. HP: 67/73 MP: 11/11
  2799 | D:4      | Found Kesothick's Weapon Shop.
  3399 | D:5      | Found Fiabbuv's Distillery.
  3407 | D:5      | Bought a potion of might for 44 gold pieces
  3565 | D:5      | Reached skill level 9 in Axes
  3762 | D:6      | Found Atsozeeph's Antique Armour Emporium.
  3770 | D:6      | Bought a warped chain mail for 256 gold pieces
  3770 | D:6      | Identified the cursed +0 chain mail of Moral Flaws {rF- Int+3 Slay+3} (You bought it in a shop on level 6 of the Dungeon)
  3800 | D:6      | Found a staircase to the Ecumenical Temple.
  3806 | Temple   | Entered the Ecumenical Temple
  4007 | Temple   | Became a worshipper of Warmaster Okawaru
  4416 | D:6      | Reached * piety under Okawaru
  4416 | D:6      | Reached XP level 9. HP: 74/79 MP: 12/12
  4607 | D:8      | Reached skill level 10 in Axes
  4609 | D:8      | Got a glittering marble ring
  4613 | D:8      | Identified the ring "Cet Puunk" {+Fly rPois rC+ Dex-4} (You found it on level 8 of the Dungeon)
  4694 | D:8      | Found a radiant altar of Vehumet.
  4735 | D:8      | Found a shimmering altar of Xom.
  4735 | D:8      | Found a blossoming altar of Fedhas.
  4736 | D:8      | Found a shattered altar of Ashenzari.
  4741 | D:8      | Found a deep blue altar of Sif Muna.
  4794 | D:8      | Reached ** piety under Okawaru
  4956 | D:8      | Found a sand-covered staircase.
  4961 | Ossuary  | Entered an ossuary
  5365 | D:9      | Noticed a troll
  5375 | D:9      | Killed a troll
  5375 | D:9      | Reached *** piety under Okawaru
  5375 | D:9      | Reached XP level 10. HP: 78/88 MP: 13/13
  5436 | D:9      | Reached skill level 11 in Axes
  5437 | D:9      | Reached skill level 5 in Evocations
  5443 | D:9      | Received a gift from Okawaru
  5794 | D:9      | Noticed Erica
  5806 | D:9      | Killed Erica
  5863 | D:10     | Entered Level 10 of the Dungeon
  6081 | D:9      | Noticed Maurice
  6292 | D:9      | Noticed a white ugly thing
  6298 | D:9      | Killed a white ugly thing
  6699 | D:9      | Reached **** piety under Okawaru
  7101 | D:9      | Killed Maurice
  7101 | D:9      | Reached skill level 12 in Axes
  7243 | D:11     | Killed an unseen horror
  7243 | D:11     | Reached XP level 11. HP: 58/95 MP: 15/15
  7384 | D:10     | Noticed bananaglory's ghost (novice DrIE)
  7391 | D:10     | HP: 2/95 [bananaglory's ghost/shard of ice (44)]
  7392 | D:10     | Killed from afar by bananaglory's ghost

Skill      XL: |  1  2  3  4  5  6  7  8  9 10 |
---------------+-------------------------------+-----
Axes           | 3 4 5 8 9 10 12 | 12.5
Fighting       | 4 7 8 |  8.8
Armour         | 4 6 7 8 |  8.4
Throwing       | 3 |  3.8
Dodging        | 2 |  2.6
Stealth        | 2 |  2.5
Shields        | 6 7 8 |  8.1
Unarmed Combat | 3 |  3.1
Spellcasting   | 2 |  2.1
Evocations     | 4 5 |  5.7

Action                   |  1- 3 |  4- 6 |  7- 9 | 10-12 || total
-------------------------+-------+-------+-------+-------++-------
Melee: War axe           |   104 |   140 |   324 |   155 ||   723
Throw: Tomahawk          |       |       |     2 |       ||     2
Evoke: Wand              |       |       |     1 |    13 ||    14
  Use: Scroll            |     4 |    11 |    10 |     7 ||    32
       Potion            |     1 |     1 |     4 |     3 ||     9
  Eat: Chunk             |       |     1 |     2 |       ||     3
       Meat ration       |       |     1 |     1 |     1 ||     3
       Royal jelly       |       |       |     2 |       ||     2
       Bread ration      |       |       |     1 |     1 ||     2
Armor: Scale mail        |    38 |    22 |       |       ||    60
       Plate armour      |       |    61 |    64 |       ||   125
       Chain mail        |       |       |   150 |    90 ||   240
Dodge: Dodged            |    16 |    23 |    52 |    46 ||   137
Block: Shield            |    51 |    77 |   146 |    98 ||   372
